 Dungeon Crawl Stone Soup version 0.21.1-1-g345015f (webtiles) character file.

86 Skycstls the Chopper (level 4, -3/41 HPs)
             Began as a Hill Orc Berserker on July 30, 2018.
             Was a Believer of Trog.
             Slain by a gnoll (7 damage)
             ... on level 3 of the Dungeon.
             The game lasted 00:15:31 (1490 turns).

Skycstls the Chopper (Hill Orc Berserker)           Turns: 1490, Time: 00:15:32

Health: -3/41      AC:  2    Str: 20    XL:     4   Next: 49%
Magic:  4/4        EV:  9    Int:  7    God:    Trog [**....]
Gold:   183        SH:  7    Dex: 10    Spells: 3/3 levels left

rFire    . . .     SeeInvis .   a - +0 hand axe
rCold    . . .     Gourm    .   y - +0 shield
rNeg     . . .     Faith    .   e - +0 robe
rPois    .         Spirit   .   (no helmet)
rElec    .         Reflect  .   (no cloak)
rCorr    .         Harm     .   (no gloves)
MR       .....     Clarity  +   (no boots)
Stlth    +.........             (no amulet)
HPRegen  0.13/turn              (no ring)
MPRegen  0.09/turn              (no ring)

@: no status effects
A: clarity, screaming 1
a: Berserk, Trog's Hand, Burn Spellbooks, Renounce Religion


You were on level 3 of the Dungeon.
You worshipped Trog.
Trog was pleased with you.
You were not hungry.

You visited 1 branch of the dungeon, and saw 3 of its levels.

You collected 183 gold pieces.

Inventory:

Hand Weapons
 a - a +0 hand axe (weapon)
 d - a +0 whip of flaming
 h - a +0 spear
 k - a +0 dagger
 n - a +1 whip of venom
 r - a +0 dagger
 v - a +0 club
Missiles
 o - 2 stones
 s - 20 poisoned needles
 t - 10 javelins (quivered)
 u - 39 arrows
Armour
 b - a +0 animal skin
 e - a +0 robe (worn)
 y - a +0 shield (worn)
Scrolls
 g - a scroll of enchant armour {unknown}
 i - a scroll of immolation {unknown}
 j - 5 scrolls of remove curse {unknown}
 p - a scroll of enchant weapon {unknown}
 q - 4 scrolls of identify {unknown}
 x - 3 scrolls of teleportation {unknown}
 z - 2 scrolls of magic mapping {unknown}
Potions
 m - a potion of resistance {unknown}
 w - a potion of cancellation {unknown}
Comestibles
 c - 4 rations


   Skills:
 + Level 4.6 Fighting
 + Level 5.3 Axes
 + Level 0.2 Throwing
 + Level 2.3 Armour
 + Level 2.0 Dodging
 + Level 0.2 Stealth


You had 3 spell levels left.
You didn't know any spells.

Dungeon Overview and Level Annotations

Branches:
Dungeon (3/15)

Altars:
Dithmenos


Innate Abilities, Weirdness & Mutations

You possess an exceptional clarity of mind.
You occasionally shout uncontrollably at your foes.


Message History

The gnoll is moderately wounded.
You hit the dart slug but do no damage. You hit the gnoll but do no damage.
The dart slug closely misses you. The gnoll hits you.
You block the gnoll's attack.
You hit the gnoll.
The gnoll is severely wounded.
You hit the dart slug. You hit the gnoll. The gnoll hits you.
The dart slug barely misses you.
The gnoll hits you with a flail of crushing!
* * * LOW HITPOINT WARNING * * *
x2 It was a potion of mutation.
You feel extremely strange.
You feel the urge to shout.
Your thoughts seem clearer.
The gnoll closely misses you. The dart slug launches a dart at you.
You block the slug dart.
It was a potion of curing.
You feel better.
The gnoll hits you with a flail of crushing.
* * * LOW HITPOINT WARNING * * *
x2 The gnoll hits you!
You die...

#<#.#.# #.#.#.##
#...#..# . #.####.#
.#
#.####.##########.#
#..†...........#..
####............#.#.
#...######.......
#._.....g@w#
#§§.#####g## #§###
#.(..# #.# #....#
#.# #....# #. #....#
#. #....# #....#
#....#


You could see 2 gnolls and a dart slug.

Vanquished Creatures
  2 gnolls (D:3)
  2 adders (D:2)
  An ooze (D:2)
  A dart slug (D:2)
  A leopard gecko (D:1)
  4 bats
  4 giant cockroaches
  4 goblins
  3 hobgoblins
  9 kobolds
  6 frilled lizards
  5 rats
42 creatures vanquished.

Notes
Turn   | Place    | Note
-------+----------+-------------------------------------------
     0 | D:1      | Skycstls the Hill Orc Berserker began the quest for the Orb.
     0 | D:1      | Reached XP level 1. HP: 19/19 MP: 1/1
   131 | D:1      | Reached XP level 2. HP: 24/27 MP: 2/2
   668 | D:1      | Reached XP level 3. HP: 25/33 MP: 3/3
   891 | D:2      | Reached skill level 5 in Axes
   900 | D:2      | Reached ** piety under Trog
  1116 | D:2      | Reached XP level 4. HP: 41/41 MP: 4/4
  1449 | D:3      | Found a shadowy altar of Dithmenos.
  1488 | D:3      | HP: 1/41 [gnoll/flail of crushing (3)]
  1489 | D:3      | Gained mutation: You occasionally shout uncontrollably at your foes. [potion of mutation]
  1489 | D:3      | Gained mutation: You possess an exceptional clarity of mind. [potion of mutation]
  1490 | D:3      | Slain by a gnoll

Skill      XL: |  1  2  3  4 |
---------------+-------------+-----
Fighting       | 4 |  4.6
Axes           | 5 |  5.3
Dodging        | 2 |  2.0
Throwing       | |  0.2
Armour         | |  2.3
Stealth        | |  0.2

Action                   |  1- 3 |  4- 6 || total
-------------------------+-------+-------++-------
Melee: Hand axe          |   116 |    24 ||   140
Throw: Javelin           |     5 |     6 ||    11
  Use: Potion            |       |     2 ||     2
  Eat: Ration            |       |     1 ||     1
Armor: Animal skin       |    11 |       ||    11
       Robe              |       |     6 ||     6
Dodge: Dodged            |    72 |    10 ||    82
Block: Shield            |       |    13 ||    13
